 Dungeon Crawl Stone Soup version 0.28.0-43-g3370ac3207 (webtiles) character file.

Game seed: 18283965664411834619

416 DoubleLucky the Ruffian (level 6, -2/61 HPs)
             Began as a Troll Fighter on Mar 27, 2022.
             Was an Initiate of Hepliaklqana.
             Slain by a two-headed ogre
             ... wielding a +0 giant spiked club
              (27 damage)
             ... on level 7 of the Dungeon.
             The game lasted 00:07:07 (2407 turns).

DoubleLucky the Ruffian (Troll Fighter)             Turns: 2407, Time: 00:07:08

Health: -2/61      AC:  4    Str: 27    XL:     6   Next: 60%
Magic:  5/5        EV:  9    Int:  4    God:    Hepliaklqana [......]
Gold:   93         SH:  7    Dex:  9    Spells: 5/5 levels left

rFire   . . .      SeeInvis .     - Unarmed
rCold   . . .      Faith    .   b - +0 kite shield
rNeg    . . .      Spirit   .   a - +0 robe
rPois   .          Reflect  .   (helmet restricted)
rElec   .          Harm     .   (no cloak)
rCorr   .          Rampage  .   (gloves unavailable)
Will    .....                   (boots unavailable)
Stlth   +.........              (no amulet)
HPRegen 1.00/turn               (no ring)
MPRegen 0.09/turn               (no ring)

@: no status effects
A: large, unfitting armour, claws 3, regeneration 1, shaggy fur 1, tough skin 1
a: Renounce Religion


You were on level 7 of the Dungeon.
You worshipped Hepliaklqana.
Hepliaklqana was noncommittal.
You visited 1 branch of the dungeon, and saw 5 of its levels.

You collected 93 gold pieces.

Inventory:

Missiles
 f - 91 stones (quivered)
 o - 6 poisoned darts
 u - 3 boomerangs
Armour
 a - a +0 robe (worn)
 b - a +0 kite shield (worn)
Jewellery
 m - a +4 ring of slaying
 n - a ring of fire
Wands
 q - a wand of polymorph (7)
Scrolls
 h - a scroll of fear {unknown}
 i - a scroll of fog {unknown}
 k - a scroll of immolation {unknown}
 l - 3 scrolls of enchant weapon {unknown}
 r - a scroll of noise {unknown}
 s - a scroll of amnesia {unknown}
 t - 3 scrolls of identify {unknown}
Potions
 c - 2 potions of might
 d - a potion of degeneration {unknown}
 e - 2 potions of flight {unknown}
 g - a potion of curing {unknown}
 j - a potion of mutation {unknown}
 p - a potion of haste {unknown}


   Skills:
 + Level 3.6 Fighting
 + Level 1.9 Throwing
 + Level 3.5 Dodging
 + Level 3.5 Shields
 + Level 3.7 Unarmed Combat


You had 5 spell levels left.
You didn't know any spells.
Your spell library contained the following spells:

 Spells                   Type           Power      Damage    Failure   Level
 Borgnjor's Revivificati  Necr           0%         N/A       100%        8
 Necromutation            Tmut/Necr      0%         N/A       100%        8
 Death's Door             Necr           0%         N/A       100%        9


Dungeon Overview and Level Annotations

Branches:
Dungeon (4/15)
 Temple: D:4-7

Altars:
Hepliaklqana

Shops:
D:1 [   D:2 =   D:4 :   D:7 *


Innate Abilities, Weirdness & Mutations

You are too large for most types of armour.
You have claws for hands.
Your natural rate of healing is unusually fast.
You are covered in fur. (AC +1)
You have tough skin. (AC +1)


Message History

A ball python comes into view.
The ball python hisses angrily.
Found an escape hatch in the ceiling.
A ball python is nearby!
The ball python bites you.
There is an open door here.
You scratch the ball python.
You kill the ball python!
No target in view!
You see here a ball python corpse.
You open the door.
Found Ammas's Book Shop.
A sourceless malevolence fills the Dungeon...
You fall into a shaft and drop 3 floors!
The shaft crumbles and collapses.
A two-headed ogre comes into view.
It is wielding a +0 giant spiked club and a +0 giant club.
The two-headed ogre shouts in stereo!
Found a book of the Hunter.
Found Poat's CLEARANCE SALE!.
Throw: 92 stones
Press: ? - help, Q - select action, (/) - cycle Shift-Dir - straight line, f - two-headed ogre
Aim: a two-headed ogre, wielding a +0 giant spiked club and a +0 giant club (71% to hit)
You throw a stone.
The stone hits the two-headed ogre but does no damage.
You scratch the two-headed ogre.
The two-headed ogre is lightly wounded.
The two-headed ogre hits you with a +0 giant spiked club!
The two-headed ogre hits you with a +0 giant club!
You claw the two-headed ogre!
The two-headed ogre is moderately wounded.
The two-headed ogre hits you with a +0 giant spiked club!!
You block the two-headed ogre's attack.
You barely miss the two-headed ogre.
The two-headed ogre is moderately wounded.
You scratch the two-headed ogre but do no damage.
The two-headed ogre is moderately wounded.
The two-headed ogre closely misses you. The two-headed ogre barely misses you.
You barely miss the two-headed ogre.
The two-headed ogre is moderately wounded.
The two-headed ogre hits you with a +0 giant spiked club!!
You die...

. .# #.#
########..#
###........#
...........#
#........#
#.@...# #.O...#
....(....#
⌠.........##.
............#.#
∩.∩.∩#:.....#©#
##########..#.#
..##.


You could see a two-headed ogre.

Vanquished Creatures
  A phantom (D:4)
  A water moccasin skeleton (D:4)
  A jelly (D:4)
  An orc priest (D:4)
  Terence (D:2)
  Jessica (D:2)
  An orc wizard (D:3)
  4 adders
  An ufetubus (D:3)
  2 worms
  3 dart slugs
  12 orcs
  3 bats
  6 endoplasms
  4 giant cockroaches
  7 goblins
  10 hobgoblins
  4 jackals (D:1)
  5 quokkas
  5 ball pythons
  3 frilled lizards
  8 kobolds
  8 rats
92 creatures vanquished.

Notes
Turn   | Place    | Note
-------+----------+-------------------------------------------
     0 | D:1      | DoubleLucky the Troll Fighter began the quest for the Orb.
     0 | D:1      | Reached XP level 1. HP: 22/22 MP: 0/0
   156 | D:1      | Reached XP level 2. HP: 27/29 MP: 1/1
   350 | D:1      | Found Nikhlizu's Armour Boutique.
   375 | D:1      | Reached XP level 3. HP: 36/36 MP: 2/2
   770 | D:2      | Noticed Terence
   776 | D:2      | Killed Terence
   777 | D:2      | Reached XP level 4. HP: 45/45 MP: 3/3
   826 | D:2      | Noticed Jessica
   837 | D:2      | Killed Jessica
   969 | D:2      | Found a faded altar of an unknown god.
  1021 | D:2      | Found Qaru's Jewellery Shop.
  1370 | D:3      | Reached XP level 5. HP: 51/53 MP: 4/4
  1450 | D:3      | Reached skill level 1 in Throwing
  1566 | D:3      | Found a hazy altar of Hepliaklqana.
  1790 | D:3      | Became a worshipper of Hepliaklqana the Forgotten
  1957 | D:4      | Noticed a phantom
  1980 | D:4      | Killed a phantom
  1981 | D:4      | Reached XP level 6. HP: 35/61 MP: 5/5
  2400 | D:4      | Found Ammas's Book Shop.
  2401 | D:4      | You fall into a shaft and drop 3 floors!
  2401 | D:7      | Noticed a two-headed ogre
  2401 | D:7      | Found Poat's CLEARANCE SALE!.
  2407 | D:7      | Slain by a two-headed ogre

Illustrated notes

Levels and vault maps discovered:
D:1:      saegor_arrival_simple_b, layout_basic, serial_shops, shop_fountains
D:2:      layout_loops_ring, serial_shops, nicolae_lakefront_shop,
          ebering_ecumenical_altar_box, columned_hall_lemuel, uniq_terence,
          uniq_jessica
D:3:      layout_rooms, mainiacjoe_overflow_24_doors
D:4:      layout_loops_corners, temple_doors_cd, serial_shops, kennysheep_mini
D:7:      layout_rooms, okawaru_humans, nzn_ghost_randoct,
          chequers_serial_rivers_small_a, minmay_liquid_box,
          nicolae_shop_clearance

Skill      XL: |  1  2  3  4  5 |
---------------+----------------+-----
Fighting       | 3 |  3.6
Shields        | 3 |  3.5
Dodging        | 3 |  3.5
Unarmed Combat | 3 |  3.7
Throwing       | 1 |  1.9

Action                   |  1- 3 |  4- 6 || total
-------------------------+-------+-------++-------
Melee: Unarmed           |    95 |   175 ||   270
Throw: Stone             |       |     8 ||     8
Armor: Robe              |    26 |    46 ||    72
Dodge: Dodged            |    39 |    59 ||    98
Block: Kite shield       |    25 |    64 ||    89
